 Dungeon Crawl Stone Soup version 0.18-a0-1577-gf591c28 (webtiles) character file.

176 namelastname112 the Insei (level 5, 0/45 HPs)
             Began as a Draconian Monk on Mar 22, 2016.
             Slain by Sigmund
             ... wielding a +2 scythe of slicing
              (11 damage)
             ... on level 3 of the Dungeon.
             The game lasted 00:02:28 (1810 turns).

namelastname112 the Insei (Draconian Monk)          Turns: 1810, Time: 00:02:28

Health: 0/45       AC:  6    Str: 18    XL:     5   Next: 30%
Magic:  5/5        EV: 13    Int: 15    God:
Gold:   86         SH:  0    Dex: 15    Spells: 0 memorised, 4 levels left

rFire  . . .     SeeInvis .       - Unarmed
rCold  . . .     Gourm    .     (armour unavailable)
rNeg   . . .     Faith    .     (no shield)
rPois  .         Spirit   .     (helmet restricted)
rElec  .         Dismiss  .     m - +0 cloak
rCorr  .         Reflect  .     (no gloves)
SustAt .         Harm     .     (no boots)
MR     .....                    (no amulet)
Stlth  ++........               (no ring)
                                j - +2 ring of slaying

@: mighty, brilliant, not resistant to hostile enchantments, unstealthy
A: unfitting armour, cold-blooded, AC +5
a: no special abilities


You were on level 3 of the Dungeon.
You were not hungry.

You visited 1 branch of the dungeon, and saw 3 of its levels.

You collected 86 gold pieces.

Inventory:

Armour
 g - a +0 buckler
 m - a +0 cloak (worn)
Jewellery
 j - a +2 ring of slaying (left hand)
Scrolls
 c - a scroll of remove curse {unknown}
 d - 4 scrolls of identify {unknown}
 f - 2 scrolls of enchant armour {unknown}
 i - a scroll of noise {unknown}
 l - a scroll of magic mapping {unknown}
Potions
 e - a potion of might
Comestibles
 a - 3 bread rations
 n - a meat ration


   Skills:
 - Level 3.2 Fighting
 - Level 2.6 Dodging
 - Level 1.7 Stealth
 + Level 6.6 Unarmed Combat


You had 4 spell levels left.
You didn't know any spells.

Dungeon Overview and Level Annotations

Branches:
Dungeon (3/15)

Altars:

Annotations:
D:3 Sigmund


Innate Abilities, Weirdness & Mutations

Your plain brown scales are hard (AC +5).
Your body does not fit into most forms of armour.
You are cold-blooded and may be slowed by cold attacks.


Message History

You miss something. Something hits you!
* * * LOW HITPOINT WARNING * * *
x2 Drink which item? (? for menu, Esc to quit)
It was a potion of curing.
You feel better.
You hear some strange, mumbled words.
A magic dart appears from out of thin air!
The magic dart hits you!
You miss something. Something hits you.
* * * LOW HITPOINT WARNING * * *
x2 Drink which item? (? for menu, Esc to quit)
It was a potion of might.
You feel very mighty all of a sudden.
Drink which item? (? for menu, Esc to quit)
It was a potion of brilliance.
You feel clever all of a sudden. Something hits you.
* * * LOW HITPOINT WARNING * * *
x2 Drink which item? (? for menu, Esc to quit)
You feel better. Something hits you!
You die...

#..#.#.#.#.#.#
#..#.#.....#.#
#####..#.......#.#
...............#.#
##############.#.#
#..........#.#
#.########## #.#
#@# #{# #.# #.#
#.# #.# #.# #.#
#.#


There were no monsters in sight!

Vanquished Creatures
  Natasha (D:3)
  A worker ant (D:3)
  4 adders
  2 worms (D:2)
  A dart slug (D:1)
  5 giant geckos
  6 orcs (D:3)
  11 bats
  4 giant cockroaches
  9 goblins
  10 hobgoblins
  2 jackals (D:1)
  2 giant newts (D:2)
  9 kobolds
  3 rats
70 creatures vanquished.

Notes
Turn   | Place    | Note
--------------------------------------------------------------
     0 | D:1      | namelastname112 the Draconian Monk began the quest for the Orb.
     0 | D:1      | Reached XP level 1. HP: 19/19 MP: 1/1
   182 | D:1      | Reached XP level 2. HP: 26/26 MP: 2/2
   585 | D:2      | Reached skill level 5 in Unarmed Combat
   585 | D:2      | Reached XP level 3. HP: 29/31 MP: 3/3
   767 | D:2      | Reached XP level 4. HP: 31/38 MP: 4/4
  1324 | D:3      | Reached skill level 6 in Unarmed Combat
  1504 | D:3      | Reached XP level 5. HP: 23/45 MP: 5/5
  1728 | D:3      | Noticed Natasha
  1735 | D:3      | Killed Natasha
  1783 | D:3      | Noticed Sigmund
  1810 | D:3      | Slain by Sigmund

Vault maps used:
D:1:      lightli_arrival_statuegarden
D:2:      grunt_ministairs_11
D:3:      uniq_sigmund, uniq_natasha, uniq_jessica

Skill      XL: |  1  2  3  4 |
---------------+-------------+-----
Unarmed Combat | 5 6 |  6.6
Fighting       | |  3.2
Dodging        | |  2.6
Stealth        | |  1.7

Action                   |  1- 3 |  4- 6 || total
-------------------------+-------+-------++-------
Melee: Unarmed           |   104 |   108 ||   212
  Use: Potion            |       |     4 ||     4
 Stab: Sleeping          |     3 |     2 ||     5
  Eat: Chunk             |       |     3 ||     3
